 Dungeon Crawl Stone Soup version 0.29.1-2-gbd0b4ee654 (webtiles) character file.

Game seed: 456022051571174014

98 Raikaria the Shooter (level 5, -2/38 HPs)
             Began as a Djinni Hunter on Nov 10, 2022.
             Blown up by Ijyb (20 damage)
             ... with a mindburst bolt
             ... on level 3 of the Dungeon.
             The game lasted 00:04:23 (1565 turns).

Raikaria the Shooter (Djinni Hunter)                Turns: 1565, Time: 00:04:23

Health: -2/38      AC:  4    Str: 10    XL:     5   Next: 0%
Gold:   185        EV: 12    Int: 11    God:
                   SH:  0    Dex: 18

rFire   + . .      SeeInvis .   a - +0 shortbow
rCold   . . .      Faith    .   (shield currently unavailable)
rNeg    . . .      Spirit   .   c - +0 leather armour
rPois   ∞          Reflect  .   (no helmet)
rElec   .          Harm     .   d - +0 cloak
rCorr   .          Rampage  .   (no gloves)
Will    .....                   (boots unavailable)
Stlth   ++........              (no amulet)
HPRegen 0.12/turn               l - ring of ice
MPRegen 0.00/turn               (no ring)

@: flying
A: sickness immunity, fire resistance 2, cold vulnerability 1, float, innate
caster, HP casting, extra vitality 1
a: no special abilities


You were on level 3 of the Dungeon.
You visited 1 branch of the dungeon, and saw 4 of its levels.

You collected 185 gold pieces.

Inventory:

Hand Weapons
 a - a +0 shortbow (weapon)
Armour
 c - a +0 leather armour (worn)
 d - a +0 cloak (worn)
Jewellery
 l - a ring of ice (left hand)
Scrolls
 b - a scroll of immolation
 e - 3 scrolls of identify {unknown}
 f - a scroll of silence {unknown}
 g - a scroll of enchant weapon {unknown}
 m - a scroll of noise {unknown}
Potions
 h - a potion of flight {unknown}
 i - 2 potions of degeneration {unknown}
 j - a potion of lignification {unknown}
 k - a potion of curing {unknown}
 n - a potion of magic {unknown}


   Skills:
 - Level 2.0 Fighting
 + Level 4.9 Ranged Weapons
 - Level 2.1 Dodging
 - Level 0.7 Stealth


You had one spell level left.
You knew the following spells:

 Your Spells              Type           Power      Damage    Failure   Level
a - Foxfire               Conj/Fire      0%         2x1d4     43%         1
b - Blink                 Tloc           0%         N/A       58%         2
Your spell library was empty.

Dungeon Overview and Level Annotations

Branches:
Dungeon (4/15)
 Temple: D:4-7

Altars:

Shops:
D:2 [

Annotations:
D:3 Ijyb


Innate Abilities, Weirdness & Mutations

You are immune to sickness and miasma.
You are immune to poison.
Your flesh is very heat resistant. (rF++)
You are vulnerable to cold. (rC-)
You float through the air rather than walking.
You learn spells naturally, not from books.
Your magical power is your life essence.
You have superior vitality. (+4 MHP)


Message History

Found 11 gold pieces.
You shoot an arrow. The arrow hits the hobgoblin.
You kill the hobgoblin!
A kobold comes into view. It is wielding a +0 whip.
You see here 11 gold pieces.
You shoot an arrow. The arrow completely misses the kobold.
You now have 185 gold pieces (gained 11).
A kobold is nearby!
You shoot an arrow. The arrow hits the kobold!
You kill the kobold!
You have reached level 5!
The power to cast Blink wells up from within.
Spell assigned to 'b'.
Cast which spell? (? or * to list)
Okay, then.
Things that are here:
a +0 whip; 3 stones; a kobold corpse Ijyb the Twisted Goblin comes into view.
She is wielding a +0 club and carrying a wand of mindburst (11).
You shoot an arrow. The arrow hits Ijyb.
Ijyb shouts!
Ijyb is lightly wounded.
You hear a shout!
You shoot an arrow. The arrow hits Ijyb but does no damage.
Ijyb is lightly wounded.
Ijyb zaps a wand.
Your mind is blasted!
You shoot an arrow. The arrow hits Ijyb.
Ijyb is lightly wounded.
You shoot an arrow. The arrow barely misses Ijyb.
Ijyb zaps a wand.
Your mind is blasted!
A goblin comes into view. It is wielding a +0 dagger.
You are too injured to fight recklessly!
You are too injured to fight recklessly!
You are too injured to fight recklessly!
Fire: a) +0 shortbow
Press: ? - help, Q - select action, (/) - cycle Shift-Dir - straight line, f/p - Ijyb
Aim: Ijyb, wielding a +0 club, wearing a +0 leather armour and carrying a wand of mindburst (9) (lightly wounded, 58% to hit)
Okay, then.
Ijyb zaps a wand.
Your mind is blasted!
Ouch! That really hurt!
You die...

#. . #.#### .... .#
#.#... .... .. #g#.$ ...
..... #.... #.. ....#.
#..g# #.###..# # #...#
#.....#### #####...#
#####.........
#......@###.............
#...#.#)....###.........
#...#....#### ##..##..#.
#........## #...##..#.
#.....#...#####.#.....#.
#....##.....##..####....
#....####.#.#..## #....
#....####.....## #####..
##...........## #......


You could see Ijyb and a goblin.

Vanquished Creatures
  2 adders
  A worm (D:2)
  4 dart slugs
  5 orcs (D:3)
  5 endoplasms
  A giant cockroach (D:1)
  8 goblins
  8 hobgoblins
  3 kobolds
  6 quokkas
  5 ball pythons
  4 bats
  A frilled lizard (D:2)
  3 rats
56 creatures vanquished.

Notes
Turn   | Place    | Note
-------+----------+-------------------------------------------
     0 | D:1      | Raikaria the Djinni Hunter began the quest for the Orb.
     0 | D:1      | Reached XP level 1. HP: 18/18 MP: 0/0
    82 | D:1      | Reached XP level 2. HP: 23/23 MP: 0/0
   258 | D:1      | Reached XP level 3. HP: 28/28 MP: 0/0
   258 | D:1      | Learned a level 1 spell: Foxfire
   259 | D:1      | Reached skill level 4 in Ranged Weapons
   890 | D:2      | Found Beinilo's Antique Armour Shoppe.
   958 | D:2      | Reached XP level 4. HP: 33/33 MP: 0/0
  1068 | D:2      | Found a faded altar of an unknown god.
  1540 | D:3      | Reached XP level 5. HP: 38/38 MP: 0/0
  1540 | D:3      | Learned a level 2 spell: Blink
  1560 | D:3      | Noticed Ijyb
  1565 | D:3      | Blown up by Ijyb

Illustrated notes

Levels and vault maps discovered:
D:1:      wander_arrival_peaceful_grave, layout_basic
D:2:      layout_basic, serial_shops, nicolae_shop_waterfront,
          shapermc_ecumenical_altar_pompeii
D:3:      layout_rooms, kennysheep_generic_room_14, uniq_ijyb
D:4:      layout_loops_ring, nicolae_gozag_zags_fifth_avenue,
          chequers_serial_rivers_room_a, uniq_duvessa

Skill      XL: |  1  2  3 |
---------------+----------+-----
Ranged Weapons | 4 |  4.9
Fighting       | |  2.0
Dodging        | |  2.1
Stealth        | |  0.7

Action                   |  1- 3 |  4- 6 || total
-------------------------+-------+-------++-------
 Fire: Shortbow          |    60 |    67 ||   127
Armor: Leather armour    |     3 |     2 ||     5
Dodge: Dodged            |    11 |    10 ||    21
